 Dungeon Crawl Stone Soup version 0.32-a0-18-g89e19f1974 (webtiles) character file.

Game seed: 7880385822409518129

163 Bnni the Apothecary (level 5, 0/34 HPs)
             Began as an Octopode Alchemist on Jan 16, 2024.
             Killed by divine providence
             ... invoked by an orc priest
              (12 damage)
             ... on level 4 of the Dungeon.
             The game lasted 00:04:33 (2788 turns).

Bnni the Apothecary (Octopode Alchemist)            Turns: 2788, Time: 00:04:34

Health: 0/34       AC:  1    Str:  9    XL:     5   Next: 44%
Magic:  3/9        EV: 13    Int: 19    God:
Gold:   210        SH:  5    Dex: 13    Spells: 3/10 levels left

rFire   . . .        g - +9 whip of the Heart {flame, rElec Str+2}
rCold   . . .        (no shield)
rNeg    . . .        (helmet restricted)
rPois   .            e - amulet of reflection
rElec   +            (no ring)
rCorr   .            (no ring)
SInv    .            (no ring)
Will    .....        (no ring)
Stlth   +++          (no ring)
HPRegen 0.25/turn    (no ring)
MPRegen 0.11/turn    (no ring)
                     (no ring)

%: reflection
@: very slightly contaminated
A: almost no armour, amphibious, 8 rings, camouflage 1, gelatinous body 1,
(nimble swimmer 1), tentacles
a: no special abilities


You were on level 4 of the Dungeon.
You visited 1 branch of the dungeon, and saw 4 of its levels.

You collected 210 gold pieces.

Inventory:

Hand Weapons
 g - the +9 whip of the Heart (weapon) {flame, rElec Str+2}
   (You found it on level 2 of the Dungeon)

   Str+2:     It affects your strength (+2).
   rElec:     It insulates you from electricity.
Jewellery
 e - an amulet of reflection (around mantle)
Scrolls
 d - 2 scrolls of teleportation {unknown}
 f - a scroll of enchant weapon {unknown}
 j - a scroll of fear {unknown}
Potions
 a - a potion of magic
 b - a potion of mutation {unknown}
 c - a potion of might {unknown}
 h - a potion of brilliance {unknown}
 i - a potion of haste {unknown}


   Skills:
 + Level 2.2 Fighting
 - Level 2.0 Dodging
 - Level 2.6 Stealth
 + Level 3.0 Spellcasting
 - Level 1.0 Conjurations
 * Level 5.2 Alchemy


You had 3 spell levels left.
You knew the following spells:

 Your Spells              Type           Power      Damage    Failure   Level
a - Sting                 Conj/Alch      56%        1d6       4%          1
b - Mercury Vapours       Alch/Air       24%        N/A       8%          2
d - Olgreb's Toxic Radia  Alch           22%        N/A       19%         4

Your spell library contained the following spells:

 Spells                   Type           Power      Damage    Failure   Level
 Mephitic Cloud           Conj/Alch/Air  10%        N/A       21%         3
 Sticky Flame             Fire/Alch      12%        2d5       45%         4


Dungeon Overview and Level Annotations

Branches:
Dungeon (4/15)
 Temple: D:4-7

Altars:

Shops:
D:3 (


Innate Abilities, Weirdness & Mutations

You cannot wear most types of armour.
You are amphibious.
You can wear up to eight rings at the same time.
Your skin changes colour to match your surroundings (Stealth+).
Your rubbery body absorbs attacks. (AC +1, EV +1)
((You are camouflaged when in or above water. (Stealth+)))
You have tentacles for arms and can constrict up to eight enemies at once.


Message History

The orc priest shouts!
The orc priest is poisoned.
The orc shouts!
The orc is poisoned.
The orc looks even sicker.
You hear a shout!
The orc throws a boomerang.
The boomerang hits you.
You whack the orc! You burn the orc.
You kill the orc!
The orc priest looks even sicker.
You kill the orc!
Your toxic aura wanes.
The orc priest looks encouraged for a moment.
An orc comes into view. It is wielding a +0 hand axe.
The orc throws a boomerang.
The boomerang hits you.
The orc priest invokes the aid of Beogh against you.
Beogh smites you!
Things that are here:
a +0 club; a +0 leather armour; an orc corpse Unknown command.
You are too injured to fight recklessly!
Unknown command.
You are too injured to fight recklessly!
Unknown command.
Aiming: Sting (safe; 4% risk of failure)
Press: ? - help, Q - select action, (/) - cycle Shift-Dir - straight line, f - orc
Aim: an orc, wielding a +0 club and quivering boomerangs (almost dead, very poisoned, 71% to hit)
Okay, then.
You kill the orc!
Your Spellcasting skill increases to level 3!
Casting: Sting (safe; 4% risk of failure)
Confirm with . or Enter, or press ? or * to list all spells.
Aiming: Mercury Vapours (safe; 8% risk of failure)
Press: ? - help, Dir - move target, f - orc priest
Aim: an orc priest, wielding a +0 hand axe and wearing a +0 scale mail (heavily wounded, very poisoned, chance to weaken: 99%)
You miscast Mercury Vapours.
You are very lightly contaminated with residual magic.
Nothing appears to happen.
The orc priest mumbles some strange prayers to Beogh against you.
Beogh smites you!
You die...

.... ....... ...... #
#...# .. ###########...#
... ##........##...##
....
#.........##....#+#o....
#.........##...#@B..o...
#...............))).....
#.......................
#†..........!....####.#.
#................# #
..(.................
#.################## #.#
#.#


You could see an orc priest (very poisoned), an orc and a giant cockroach.

Vanquished Creatures
  An iguana (D:4)
  3 river rats (D:3)
  5 adders
  A dart slug (D:3)
  A ribbon worm (D:2)
  4 orcs
  7 bats
  3 endoplasms
  2 giant cockroaches
  3 goblins
  4 hobgoblins
  5 jackals (D:3)
  4 quokkas
  5 ball pythons
  2 frilled lizards
  4 kobolds
  6 rats
60 creatures vanquished.

Notes
Turn   | Place    | Note
-------+----------+-------------------------------------------
     0 | D:1      | Bnni the Octopode Alchemist began the quest for the Orb.
     0 | D:1      | Reached XP level 1. HP: 11/11 MP: 3/3
   237 | D:1      | Reached XP level 2. HP: 12/18 MP: 0/5
   290 | D:1      | Learned a level 2 spell: Mercury Vapours
   553 | D:1      | Found a faded altar of an unknown god.
   823 | D:2      | Reached skill level 1 in Fighting
   823 | D:2      | Reached skill level 4 in Alchemy
   823 | D:2      | Reached XP level 3. HP: 7/23 MP: 1/6
   912 | D:2      | Identified the +9 whip of the Heart {flame, rElec Str+2}
  1436 | D:3      | Reached XP level 4. HP: 20/28 MP: 7/7
  2313 | D:3      | Reached XP level 5. HP: 9/34 MP: 9/9
  2321 | D:3      | Learned a level 4 spell: Olgreb's Toxic Radiance
  2428 | D:3      | Reached skill level 5 in Alchemy
  2495 | D:3      | Found Tusmis's Weapon Boutique.
  2788 | D:4      | Killed from afar by an orc priest

Illustrated notes

Levels and vault maps discovered:
D:1:      dpeg_arrival_castle, layout_basic, basic_ecumenical_altar
D:2:      wander_river, layout_loops_cross, kennysheep_cross_bottleneck
D:3:      layout_basic, serial_curves, eino_curves_04, eino_curves_02,
          serial_shops, nicolae_shop_real_fake_doors, portal_sewer_entry_e,
          chequers_serial_rivers_micro_c
D:4:      minmay_chambers_of_fours, layout_basic,
          minmay_temple_entry_proselytizer, serial_shops,
          nicolae_shop_window_shopping, serial_curves, eino_curves_03,
          eino_curves_02, kennysheep_generic_room_6, uniq_eustachio

Skill      XL: |  1  2  3  4  5 |
---------------+----------------+-----
Fighting       | 1 2 |  2.2
Alchemy        | 4 5 |  5.2
Spellcasting   | 3 |  3.0
Dodging        | |  2.0
Stealth        | |  2.6
Conjurations   | |  1.0

Action                     |  1- 3 |  4- 6 || total
---------------------------+-------+-------++-------
  Melee: Spear             |    21 |       ||    21
         Unarmed           |     2 |       ||     2
         Tentacles         |     7 |     3 ||    10
         Constrict         |     8 |     9 ||    17
         Whip              |    12 |    41 ||    53
   Cast: Sting             |    20 |     3 ||    23
         Olgreb's Toxic Ra |       |     1 ||     1
    Use: Potion            |     1 |       ||     1
   Stab: Sleeping          |     9 |     6 ||    15
 Armour: Skin              |    13 |    21 ||    34
  Dodge: Dodged            |    22 |    16 ||    38
  Block: Other             |     2 |     8 ||    10

Table legend: (Time is in decaauts)
 A = Elapsed time spent in this place.
 B = Non-inter-level travel time spent in this place.
 C = Inter-level travel time spent in this place.
 D = Time resting spent in this place.
 E = Time spent auto-exploring this place.
 F = Levels seen in this place.
 G = Mean time per level.
                   A        B        C        D        E       F      G
               +--------+--------+--------+--------+--------+-----+--------+
         Total |   2793 |   2612 |    181 |     66 |   1992 |   4 |  698.2 |
       Dungeon |   2793 |   2612 |    181 |     66 |   1992 |   4 |  698.2 |
               +--------+--------+--------+--------+--------+-----+--------+

Top non-repeatable levels by time:
     D:3: 1284 daAuts
     D:1: 724 daAuts
     D:2: 705 daAuts
     D:4: 79 daAuts
